 Dungeon Crawl Stone Soup version 0.28-a0-533-g9f97627e2a (webtiles) character file.

Game seed: 13655998664658859274

12751 fijero the Severer (level 11, -7/94 HPs)
             Began as a Minotaur Berserker on Sept 25, 2021.
             Was an Elder of Trog.
             Mangled by an orc knight (18 damage)
             ... in a bailey.
             The game lasted 00:52:23 (10938 turns).

fijero the Severer (Minotaur Berserker)            Turns: 10938, Time: 00:52:23

Health: -7/94      AC: 17    Str: 25    XL:     11   Next: 66%
Magic:  10/10      EV: 15    Int:  4    God:    Trog [****..]
Gold:   266        SH:  0    Dex: 10    Spells: 10/10 levels left

rFire   . . .      SeeInvis .   a - +0 war axe
rCold   . . .      Faith    .   (no shield)
rNeg    . . .      Spirit   .   r - +3 scale mail
rPois   +          Reflect  .   (helmet restricted)
rElec   .          Harm     .   X - +2 cloak
rCorr   .          Rampage  .   (no gloves)
Will    ++...                   w - +0 pair of boots
Stlth   ..........              (no amulet)
HPRegen 1.25/turn               d - +4 ring of evasion
MPRegen 0.12/turn               V - ring of poison resistance

@: about to teleport, strong-willed, on berserk cooldown, regenerating, slowed,
very slow
A: horns 2, retaliatory headbutt, claws 1
a: Renounce Religion, Berserk, Trog's Hand, Brothers in Arms


You were in a bailey.
You worshipped Trog.
Trog was greatly pleased with you.
You visited 1 branch of the dungeon, and saw 11 of its levels.
You also visited: Sewer and Bailey.

You collected 644 gold pieces.
You spent 378 gold pieces at shops.

Inventory:

Hand Weapons
 a - a +0 war axe (weapon)
 b - a +4 vorpal hunting sling
 p - a +0 hand axe
 F - a +2 shortbow of freezing
 M - a +2 halberd of flaming
Missiles
 l - 151 stones
 n - 8 poisoned darts
 B - 5 silver javelins (quivered)
 G - 217 arrows
 W - 20 sling bullets
Armour
 r - a +3 scale mail (worn)
 w - a +0 pair of boots (worn)
 X - a +2 cloak (worn)
Jewellery
 d - a +4 ring of evasion (left claw)
 q - a ring of protection from fire
 u - a ring of protection from cold
 I - a ring of resist corrosion
 K - a ring of willpower
 L - a ring of willpower
 Q - a ring of positive energy
 V - a ring of poison resistance (right claw)
 Y - a ring of ice
Wands
 t - a wand of polymorph (8)
 v - a wand of iceblast (22)
 J - a wand of charming (8)
 U - a wand of flame (9)
Scrolls
 e - a scroll of enchant weapon {unknown}
 g - a scroll of summoning
 i - 4 scrolls of teleportation
 s - 2 scrolls of silence {unknown}
 y - a scroll of fog
 D - 2 scrolls of amnesia {unknown}
 H - a scroll of immolation {unknown}
 N - a scroll of magic mapping {unknown}
 O - a scroll of noise {unknown}
 P - a scroll of vulnerability {unknown}
 S - 2 scrolls of identify
Potions
 c - 3 potions of invisibility
 f - 4 potions of curing
 h - 3 potions of ambrosia
 j - 5 potions of mutation
 k - a potion of flight {unknown}
 m - 9 potions of brilliance
 o - 6 potions of heal wounds
 x - a potion of magic
 z - 3 potions of cancellation
 A - a potion of haste {unknown}
 C - 4 potions of lignification
 E - 3 potions of attraction
 R - a potion of berserk rage {unknown}
 T - 3 potions of might
 Z - 2 potions of experience


   Skills:
 + Level 7.8 Fighting
 - Level 16.0 Axes
 + Level 5.1 Slings
 + Level 12.9 Armour
 - Level 3.8 Dodging


You had 10 spell levels left.
You didn't know any spells.
Your spell library was empty.

Dungeon Overview and Level Annotations

Branches:
Dungeon (11/15)            Temple (0/1) D:4            Lair (0/6) D:9
    Orc (0/2) D:10          Sewer (visited)          Bailey (1/1)

Altars:
Elyvilon
Okawaru
Vehumet
Xom
The Shining One

Shops:
D:1 [   D:6 =   D:9 !   D:11 !


Innate Abilities, Weirdness & Mutations

You have a pair of horns on your head.
You reflexively headbutt those who attack you in melee.
You have sharp fingernails.


Message History

An orc knight comes into view. It is wielding a +0 bardiche.
Okay, then.
You slash the orc knight!
The orc knight is moderately wounded.
You hit the orc knight. Your headbutt misses the orc knight.
The orc knight is moderately wounded.
The orc knight hits you with a +0 glaive!!
* * * LOW HITPOINT WARNING * * *
The orc closely misses you.
The orc knight reads a scroll.
Wisps of shadow swirl around the orc knight.
You closely miss the orc knight.
The orc knight is moderately wounded.
The orc shouts!
The orc wizard shouts!
The orc no longer looks unusually strong.
The orc knight roars a battlecry!
The orcs go into a battle-frenzy!
Unknown command.
You hit the orc knight but do no damage.
You headbutt the orc knight.
The orc knight is moderately wounded.
The orc knight barely misses you. You furiously retaliate!
You headbutt the orc knight, but do no damage.
The orc closely misses you.
The orc wizard mumbles some strange words.
The orc wizard flickers and vanishes!
Deactivating autopickup; reactivate with Ctrl-A.
You are no longer berserk.
You are exhausted.
You feel yourself slow down.
The orc knight no longer looks unusually strong.
The orc knight roars a battlecry!
The orc knight goes into a battle-frenzy!
Things that are here:
a +0 trident; a +0 ring mail; an orc corpse
Okay, then.
As you read the scroll of teleportation, it crumbles to dust.
You feel strangely unstable.
The orc knight no longer looks unusually strong.
The orc knight hits you with a +0 glaive!!
You die...

####### #######
..###.....#########.....#
ooo'....)))#.....#.......
ooo'{o..@.)).....'.......
oo.'...o)))).....'......)
..o'.....o.'.....'......)
o..'.......#.....#.......
..###.....#########.....#
# ####### #######


You could see 4 orc knights and 5 orcs.

Vanquished Creatures
  A hydra (D:11)
  Nergalle (D:10)
  2 orc knights (Bailey)
  2 ugly things
  Joseph (D:9)
  Maurice (D:10)
  Maggie (D:8)
  Psyche (D:10)
  Prince Ribbit (D:7)
  4 trolls
  Grinder (D:4)
  6 yaks (D:10)
  A vampire (D:9)
  A shadow (D:10)
  A steam dragon (D:9)
  5 vampire mosquitoes
  Menkaure (D:7)
  4 water moccasins
  A black bear (D:4)
  A swamp drake (D:10)
  3 sky beasts (D:6)
  A hornet zombie (D:8)
  3 ice beasts
  7 orc warriors
  3 ogres
  9 centaurs
  6 bullfrogs
  3 scorpions (D:6)
  13 killer bees
  A howler monkey (D:5)
  3 centaur zombies
  4 hounds
  4 orc priests
  4 jellies
  Jessica (D:2)
  A gnoll shaman (D:10)
  A scorpion zombie (D:5)
  5 orc wizards
  2 iguanas
  A hound skeleton (D:4)
  A howler monkey zombie (D:9)
  Robin (D:2)
  9 gnolls
  9 adders
  2 river rats
  2 ufetubi (D:6)
  5 worms
  2 dart slugs (D:1)
  55 orcs
  11 ball pythons
  7 bats
  8 endoplasms
  4 giant cockroaches
  13 goblins
  10 hobgoblins
  3 jackals (D:1)
  8 kobolds
  2 quokkas
  11 frilled lizards
  12 rats
287 creatures vanquished.

Vanquished Creatures (others)
  An orc wizard (D:10)
1 creature vanquished.

Grand Total: 288 creatures vanquished

Notes
Turn   | Place    | Note
-------+----------+-------------------------------------------
     0 | D:1      | fijero the Minotaur Berserker began the quest for the Orb.
     0 | D:1      | Reached XP level 1. HP: 19/19 MP: 0/0
    75 | D:1      | Reached XP level 2. HP: 27/27 MP: 1/1
   115 | D:1      | Reached skill level 4 in Axes
   307 | D:1      | Found a faded altar of an unknown god.
   325 | D:1      | Reached XP level 3. HP: 33/33 MP: 2/2
   333 | D:1      | Found Tiuh's Antique Armour Emporium.
   548 | D:1      | Reached ** piety under Trog
   836 | D:2      | Noticed Robin
  1061 | D:1      | HP: 2/49 [acid (4)]
  1063 | D:1      | Reached XP level 4. HP: 3/41 MP: 3/3
  1355 | D:2      | Killed Robin
  1396 | D:2      | Reached skill level 5 in Axes
  1474 | D:2      | Noticed Jessica
  1588 | D:2      | Killed Jessica
  1589 | D:2      | Reached XP level 5. HP: 47/47 MP: 4/4
  2457 | D:3      | Noticed an ice beast
  2490 | D:3      | Found a shimmering altar of Xom.
  2499 | D:2      | Killed an ice beast
  2500 | D:2      | Reached skill level 5 in Fighting
  2500 | D:2      | Reached skill level 6 in Axes
  2500 | D:2      | Reached XP level 6. HP: 21/56 MP: 5/5
  2863 | D:3      | Reached *** piety under Trog
  2942 | D:3      | Found a white marble altar of Elyvilon.
  3282 | D:4      | Found a glowing golden altar of the Shining One.
  3428 | D:4      | Found a staircase to the Ecumenical Temple.
  3448 | D:4      | Reached skill level 7 in Axes
  3448 | D:4      | Reached XP level 7. HP: 59/61 MP: 6/6
  3488 | D:4      | Noticed Grinder
  3502 | D:4      | Killed Grinder
  3503 | D:4      | Reached skill level 5 in Armour
  3504 | D:4      | Reached skill level 8 in Axes
  3504 | D:4      | You fall into a shaft and drop 1 floor!
  3504 | D:5      | Entered Level 5 of the Dungeon
  4366 | D:5      | Reached skill level 9 in Axes
  4366 | D:5      | Reached XP level 8. HP: 55/68 MP: 7/7
  4572 | D:5      | Found an iron altar of Okawaru.
  5202 | D:6      | Found a glowing drain.
  5206 | Sewer    | Entered a sewer
  5263 | Sewer    | Reached skill level 10 in Axes
  5619 | D:6      | Reached **** piety under Trog
  5707 | D:6      | Reached skill level 11 in Axes
  5713 | D:6      | Reached XP level 9. HP: 61/74 MP: 8/8
  6164 | D:6      | Found Suniucku's Jewellery Emporium.
  6430 | D:7      | Reached skill level 12 in Axes
  6544 | D:7      | Noticed Prince Ribbit
  6564 | D:7      | Killed Prince Ribbit
  6674 | D:7      | Found a radiant altar of Vehumet.
  6686 | D:7      | Reached skill level 13 in Axes
  6791 | D:7      | Noticed Menkaure
  6802 | D:7      | Killed Menkaure
  7244 | D:8      | Noticed Maggie
  7255 | D:8      | Killed Maggie
  7256 | D:8      | Reached XP level 10. HP: 81/81 MP: 9/9
  7264 | D:8      | Noticed a green ugly thing
  7301 | D:8      | Killed a green ugly thing
  7302 | D:8      | Reached skill level 10 in Armour
  7348 | D:8      | Reached skill level 14 in Axes
  7468 | D:8      | Gained mutation: You have sharp fingernails. [potion of
                  | mutation]
  7901 | D:9      | Found a staircase to the Lair.
  8125 | D:9      | Found Jyleraz's Distillery.
  8144 | D:9      | Bought a potion of might for 48 gold pieces
  8481 | D:9      | Reached skill level 15 in Axes
  8630 | D:9      | Noticed Joseph
  8641 | D:9      | Killed Joseph
  8695 | D:10     | Entered Level 10 of the Dungeon
  8841 | D:10     | Noticed Maurice
  8893 | D:10     | Killed Maurice
  8957 | D:10     | Noticed Psyche
  8964 | D:10     | Killed Psyche
  9010 | D:10     | Reached skill level 16 in Axes
  9254 | D:10     | Reached XP level 11. HP: 79/86 MP: 10/10
  9323 | D:10     | Noticed a brown ugly thing
  9335 | D:10     | Killed a brown ugly thing
  9336 | D:10     | Reached skill level 1 in Slings
  9687 | D:10     | Found a staircase to the Orcish Mines.
  9692 | D:10     | Noticed Nergalle
  9739 | D:10     | Killed Nergalle
 10022 | D:11     | Noticed a purple ugly thing
 10022 | D:11     | Found Feupp's Distillery.
 10136 | D:11     | Noticed a seven-headed hydra
 10147 | D:11     | Killed a five-headed hydra
 10366 | D:11     | Bought a potion of heal wounds for 75 gold pieces
 10366 | D:11     | Bought a potion of curing for 45 gold pieces
 10366 | D:11     | Bought 2 potions of curing for 90 gold pieces
 10366 | D:11     | Bought a potion of might for 60 gold pieces
 10366 | D:11     | Bought a potion of might for 60 gold pieces
 10462 | D:11     | Found a flagged portal.
 10469 | Bailey   | Entered a bailey
 10905 | Bailey   | Noticed an orc knight
 10906 | Bailey   | Noticed an orc knight
 10913 | Bailey   | Noticed an orc knight
 10922 | Bailey   | Killed an orc knight
 10924 | Bailey   | Noticed an orc knight
 10926 | Bailey   | Killed an orc knight
 10927 | Bailey   | Reached skill level 5 in Slings
 10932 | Bailey   | Noticed an orc knight
 10932 | Bailey   | Noticed an orc knight
 10938 | Bailey   | Mangled by an orc knight

Illustrated notes

Levels and vault maps discovered:
D:1:      mushboom_english_gardens, layout_loops_ring, basic_ecumenical_altar,
          serial_shops, shop
D:2:      layout_rooms, uniq_robin, uniq_jessica
D:3:      layout_rooms, nicolae_elyvilon_peaceful_grove,
          brannock_xom_greatest_gift
D:4:      layout_cave_pools, lemuel_round_altar,
          minmay_temple_entry_stoned_glass, uniq_grinder
D:5:      layout_loops_corners, general_overflow_altar,
          kennysheep_generic_room_3
D:6:      layout_rooms, gup_sewer_entry_spiral, serial_shops, shop,
          minmay_parallelograms, hangedman_minor_gate_pass
D:7:      layout_gridville, mainiacjoe_overflow_boulevard, uniq_menkaure,
          uniq_prince_ribbit1
D:8:      layout_basic, uniq_maggie
D:9:      layout_basic, lair_entry_dummy, serial_shops,
          nicolae_shop_statue_plus, uniq_joseph
D:10:     layout_loops_ring, erik_orc_1, kennysheep_generic_room_12,
          uniq_nergalle, uniq_maurice, uniq_psyche
D:11:     layout_roguey, enter_bailey_4, nicolae_stop_n_shop_1, st_stairs_3,
          uniq_fannar
Bailey:   bailey_polearm_5, bailey

Skill      XL: |  1  2  3  4  5  6  7  8  9 10 11 |
---------------+----------------------------------+-----
Axes           | 4 5 6 7 9 11 13 16 | 16.0
Fighting       | 4 5 7 |  7.8
Armour         | 3 4 6 7 9 11 12 | 12.9
Dodging        | 3 |  3.8
Slings         | 5 |  5.1

Action                   |  1- 3 |  4- 6 |  7- 9 | 10-12 || total
-------------------------+-------+-------+-------+-------++-------
Melee: Hand axe          |    73 |    75 |       |       ||   148
       Headbutt          |     9 |    18 |    49 |    48 ||   124
       War axe           |       |    25 |   222 |   292 ||   539
       Halberd           |       |       |       |     2 ||     2
 Fire: Hunting sling     |       |       |       |    21 ||    21
Throw: Stone             |     1 |    16 |     9 |     3 ||    29
       Dart              |       |       |     8 |       ||     8
       Javelin           |       |       |       |     7 ||     7
Invok: Berserk           |     1 |     4 |     2 |     6 ||    13
       Trog's Hand       |       |     1 |     6 |     8 ||    15
  Use: Scroll            |       |       |     3 |     6 ||     9
       Potion            |       |       |       |     6 ||     6
Armor: Ring mail         |    36 |    21 |       |       ||    57
       Scale mail        |       |    10 |    84 |   162 ||   256
Dodge: Dodged            |    71 |    70 |   119 |   365 ||   625

Table legend: (Time is in decaauts)
 A = Elapsed time spent in this place.
 B = Non-inter-level travel time spent in this place.
 C = Inter-level travel time spent in this place.
 D = Time resting spent in this place.
 E = Time spent auto-exploring this place.
 F = Levels seen in this place.
 G = Mean time per level.
                   A        B        C        D        E       F      G
               +--------+--------+--------+--------+--------+-----+--------+
         Total |  11042 |  10714 |    328 |   2298 |   4711 |  13 |  849.4 |
       Dungeon |  10271 |   9943 |    328 |   1976 |   4550 |  11 |  933.7 |
         Sewer |    310 |    310 |      0 |      0 |    161 |   1 |  310.0 |
        Bailey |    460 |    460 |      0 |    321 |      0 |   1 |  460.0 |
               +--------+--------+--------+--------+--------+-----+--------+

Top non-repeatable levels by time:
     D:1: 1435 daAuts
    D:10: 1342 daAuts
     D:2: 1267 daAuts
     D:6: 1149 daAuts
     D:5: 1098 daAuts
     D:9: 927 daAuts
     D:7: 835 daAuts
     D:4: 690 daAuts
     D:8: 602 daAuts
     D:3: 516 daAuts
  Bailey: 460 daAuts
    D:11: 406 daAuts
   Sewer: 310 daAuts
